 Dungeon Crawl Stone Soup version 0.30.0-18-gc0e69614cb (webtiles) character file.

Game seed: 9746161470507496701

72 olmar the Grasshopper (level 4, 0/30 (38) HPs)
             Began as a Gnoll Warper on May 24, 2023.
             Slain by a kobold brigand
             ... wielding a +0 dagger of draining
              (2 damage)
             ... on level 3 of the Dungeon.
             The game lasted 00:02:16 (2521 turns).

olmar the Grasshopper (Gnoll Warper)                Turns: 2521, Time: 00:02:16

HP:   0/30 (38)     AC:  4    Str: 10    XL:     4   Next: 26%
MP:   0/11          EV: 12    Int: 15    God:
Gold: 197           SH:  0    Dex: 11    Spells: 11/13 levels left

rFire   . . .        a - +0 mace
rCold   . . .        (no shield)
rNeg    . . .        p - +0 leather armour {Will+}
rPois   .            l - +1 hat
rElec   .            (no cloak)
rCorr   .            (no gloves)
SInv    .            (no boots)
Will    +....        e - amulet of guardian spirit
Stlth   +            (no ring)
HPRegen 0.25/turn    (no ring)
MPRegen 0.12/turn

%: guardian spirit
@: heavily drained
A: fangs 1, strong nose, distributed training
a: no special abilities


You were on level 3 of the Dungeon.
You visited 1 branch of the dungeon, and saw 3 of its levels.

You collected 197 gold pieces.

Inventory:

Hand Weapons
 a - a +0 mace (weapon)
Missiles
 d - 7 boomerangs of dispersal (quivered)
Armour
 b - a +0 leather armour
 l - a +1 hat (worn)
 p - a +0 leather armour of willpower (worn)
Jewellery
 e - an amulet of guardian spirit (around neck)
 g - an amulet of magic regeneration
Scrolls
 c - 2 scrolls of blinking
 m - a scroll of enchant armour {unknown}
 n - a scroll of fear
 q - a scroll of enchant weapon {unknown}
Potions
 f - 2 potions of attraction {unknown}
 h - a potion of heal wounds {unknown}
 i - 2 potions of degeneration {unknown}
 j - a potion of berserk rage {unknown}
 k - a potion of lignification {unknown}
 o - a potion of magic {unknown}


   Skills:
 + Level 4.6 Fighting
 + Level 1.1 Short Blades
 + Level 1.1 Long Blades
 + Level 1.1 Axes
 + Level 4.6 Maces & Flails
 + Level 1.1 Polearms
 + Level 1.1 Staves
 + Level 1.1 Ranged Weapons
 + Level 2.7 Throwing
 + Level 2.7 Armour
 + Level 4.6 Dodging
 + Level 1.1 Stealth
 + Level 1.1 Shields
 + Level 1.1 Unarmed Combat
 + Level 5.1 Spellcasting
 + Level 0.9 Conjurations
 + Level 0.9 Hexes
 + Level 0.9 Summonings
 + Level 0.9 Necromancy
 + Level 5.4 Translocations
 + Level 0.9 Transmutations
 + Level 0.9 Fire Magic
 + Level 0.9 Ice Magic
 + Level 0.9 Air Magic
 + Level 0.9 Earth Magic
 + Level 0.9 Poison Magic
 + Level 1.2 Invocations
 + Level 1.1 Evocations


You had 11 spell levels left.
You knew the following spells:

 Your Spells              Type           Power      Damage    Failure   Level
a - Blink                 Tloc           40%        N/A       3%          2

Your spell library contained the following spells:

 Spells                   Type           Power      Damage    Failure   Level
 Lesser Beckoning         Tloc           40%        N/A       3%          2
 Teleport Other           Tloc           20%        N/A       7%          3
 Freeze                   Ice            24%        1d4       14%         1
 Vhi's Electric Charge    Tloc/Air       26%        N/A       17%         3
 Manifold Assault         Tloc           20%        N/A       22%         4
 Passage of Golubria      Tloc           20%        N/A       22%         4
 Frozen Ramparts          Ice            12%        1d2       41%         3
 Hailstorm                Conj/Ice       6%         3d4       41%         3
 Tukima's Dance           Hex            6%         N/A       41%         3
 Yara's Violent Unravell  Hex/Tmut       3%         3d4       99%         5


Dungeon Overview and Level Annotations

Branches:
Dungeon (3/15)

Altars:


Innate Abilities, Weirdness & Mutations

You have very sharp teeth.
Your uncanny sense of smell can sniff out nearby items.
Your experience applies equally to all skills.


Message History

You feel drained.
* * * LOW HITPOINT WARNING * * *
Unknown command.
Unknown command.
You barely miss the kobold brigand.
You bite the kobold brigand, but do no damage.
The kobold brigand is severely wounded.
The kobold brigand closely misses you. x2
Unknown command.
Unknown command.
You hit the kobold brigand.
The kobold brigand is almost dead.
The kobold brigand closely misses you.
Unknown command.
You hit the kobold brigand but do no damage.
The kobold brigand is almost dead.
The kobold brigand hits you with a +0 dagger of draining.
* * * LOW HITPOINT WARNING * * *
You feel drained.
* * * LOW HITPOINT WARNING * * *
Unknown command.
Unknown command.
You hit the kobold brigand but do no damage.
The kobold brigand is almost dead.
A kobold comes into view. It is wielding a +0 club.
The kobold brigand closely misses you.
Unknown command.
Unknown command.
You barely miss the kobold brigand. Your punch misses the kobold brigand.
The kobold brigand is almost dead.
The kobold brigand hits you with a +0 dagger of draining.
* * * LOW HITPOINT WARNING * * *
You feel drained.
* * * LOW HITPOINT WARNING * * *
Unknown command.
Unknown command.
You completely miss the kobold brigand. Your bite misses the kobold brigand.
The kobold brigand is almost dead.
The kobold brigand hits you with a +0 dagger of draining.
You die...

#.....)†....# #.#
#.#............ #.##.....##.#
#.# #.###..##.##.## #
####..##.# #.# #............#
#).##.# #.# ####..##.#####
##.#.#.###.. .~~~.##......
##.###....#####~~~~~~~~~##.##
##.## #.#.....~~~~~~≈~######
#.## ##)....####≈≈≈## ##.##
##.###.@K..#####...
#.##.###..# #.....)K.....#
#....#...# ######.....###
##..#.#### ####### #.###...#
#.# ###.# #.# .# ... . #. ##


You could see a kobold brigand and a kobold.

Vanquished Creatures
  2 adders (D:2)
  A worm (D:2)
  2 endoplasms (D:2)
  A giant cockroach (D:1)
  3 goblins (D:1)
  8 hobgoblins
  4 jackals (D:2)
  2 quokkas
  2 ball pythons (D:2)
  7 bats
  2 frilled lizards
  11 kobolds
  4 rats (D:1)
49 creatures vanquished.

Notes
Turn   | Place    | Note
-------+----------+-------------------------------------------
     0 | D:1      | olmar the Gnoll Warper began the quest for the Orb.
     0 | D:1      | Reached XP level 1. HP: 20/20 MP: 6/6
   253 | D:1      | Reached XP level 2. HP: 25/26 MP: 7/7
   889 | D:1      | Learned a level 2 spell: Blink
   918 | D:2      | Reached skill level 5 in Spellcasting
   918 | D:2      | Reached XP level 3. HP: 18/31 MP: 7/9
  1205 | D:2      | Reached skill level 1 in Invocations
  1284 | D:2      | Noticed an ogre
  1660 | D:2      | Reached skill level 1 in Short Blades
  1660 | D:2      | Reached skill level 1 in Long Blades
  1660 | D:2      | Reached skill level 1 in Axes
  1660 | D:2      | Reached skill level 1 in Polearms
  1660 | D:2      | Reached skill level 1 in Staves
  1660 | D:2      | Reached skill level 1 in Ranged Weapons
  1660 | D:2      | Reached skill level 1 in Stealth
  1660 | D:2      | Reached skill level 1 in Shields
  1660 | D:2      | Reached skill level 1 in Unarmed Combat
  1660 | D:2      | Reached skill level 1 in Evocations
  1852 | D:2      | Reached XP level 4. HP: 21/38 MP: 6/11
  2504 | D:3      | Noticed a kobold brigand
  2521 | D:3      | Slain by a kobold brigand

Illustrated notes

Levels and vault maps discovered:
D:1:      elethiomel_arrival_maze, layout_loops_ring, minmay_box_of_dots
D:2:      layout_loops_corners
D:3:      cheibrodos_thug_alley, layout_loops_ring

Skill      XL: |  1  2  3 |
---------------+----------+-----
Spellcasting   | 5 |  5.1
Invocations    | 1 |  1.2
Short Blades   | 1 |  1.1
Long Blades    | 1 |  1.1
Axes           | 1 |  1.1
Polearms       | 1 |  1.1
Staves         | 1 |  1.1
Ranged Weapons | 1 |  1.1
Stealth        | 1 |  1.1
Shields        | 1 |  1.1
Unarmed Combat | 1 |  1.1
Evocations     | 1 |  1.1
Fighting       | |  4.6
Maces & Flails | |  4.6
Throwing       | |  2.7
Armour         | |  2.7
Dodging        | |  4.6
Conjurations   | |  0.9
Hexes          | |  0.9
Summonings     | |  0.9
Necromancy     | |  0.9
Translocations | |  5.4
Transmutations | |  0.9
Fire Magic     | |  0.9
Ice Magic      | |  0.9
Air Magic      | |  0.9
Earth Magic    | |  0.9
Poison Magic   | |  0.9

Action                     |  1- 3 |  4- 6 || total
---------------------------+-------+-------++-------
  Melee: Mace              |   141 |    48 ||   189
         Bite              |    11 |     5 ||    16
         Punch             |     4 |     1 ||     5
   Cast: Blink             |     1 |       ||     1
    Use: Scroll            |     3 |       ||     3
   Stab: Sleeping          |     1 |       ||     1
 Armour: Leather armour    |    47 |    13 ||    60
  Dodge: Dodged            |   119 |    39 ||   158
